 Dungeon Sprint DCSS version 0.30-a0-469-g84de5afbc5 (webtiles) character file.

Game seed: 6095028263999702607

7700000 NinjaNoafa the Intangible (level 16, -3/100 HPs)
             Began as a Felid Berserker on Dec 19, 2022.
             Slain by a meat berserker
             ... wielding a +9 battleaxe
              (55 damage)
             ... in the Dungeon (Sprint VIII: "Arena of Blood").
             The game lasted 00:02:15 (77 turns).

NinjaNoafa the Intangible (Felid Berserker)           Turns: 77, Time: 00:02:16

Health: -3/100     AC:  3    Str: 13    XL:     16   Next: 96%
Magic:  48/48      EV: 45    Int: 10    God:
Gold:   0          SH:  0    Dex: 22    Spells: 69/69 levels left
                                        Lives:  0   Deaths: 4

rFire   . . .      SeeInvis +      - Unarmed
rCold   + . .      Faith    .    (shield unavailable)
rNeg    . . .      Spirit   .    (body armour unavailable)
rPois   .          Reflect  .    (helmet unavailable)
rElec   .          Harm     .    (cloak unavailable)
rCorr   .          Rampage  .    (gloves unavailable)
Will    ++...      NoTele   +    (boots unavailable)
Stlth   ++++++++++               (no amulet)
HPRegen 0.36/turn                g - +27000 ring of slaying
MPRegen 0.31/turn                (no ring)

@: quick
A: very small, claws 1, fangs 3, see invisible, speed 1, shaggy fur 3, stealthy
paws, no weapons or thrown items, no armour, multi-lived
a: no special abilities


You were in the Dungeon.
You visited 1 branch

Inventory:

Jewellery
 g - a +27000 ring of slaying (left paw)
Potions
 d - a potion of magic


   Skills:
 O Level 27 Fighting
 O Level 27 Dodging
 O Level 27 Stealth
 O Level 27 Unarmed Combat
 O Level 27 Spellcasting
 + Level 10.8 Conjurations
 * Level 22.1 Hexes
 * Level 16.2 Summonings
 + Level 10.8 Ice Magic
 + Level 10.8 Poison Magic
 O Level 27 Invocations
 O Level 27 Evocations


You had 69 spell levels left.
You didn't know any spells.
Your spell library was empty.

Dungeon Overview and Level Annotations

Branches:
Dungeon (1/1)

Altars:
Makhleb

Annotations:
D The Servant


Innate Abilities, Weirdness & Mutations

You have sharp claws.
You have razor-sharp teeth.
You have supernaturally acute eyesight. (SInv)
You cover ground quickly. (Speed+)
Your thick and shaggy fur keeps you warm. (AC +3, rC+)
Your paws help you pounce on unaware monsters.
You are incapable of wielding weapons or throwing items.
You cannot wear armour.
You gain extra lives every three experience levels.


Message History

Your Poison Magic skill gained 3 levels and is now at level 10!
You aren't carrying any scrolls.
A meat berserker and an eight-headed meat hydra come into view.
The eight-headed meat hydra roars!
You hear a shout! x2
The meat beast is engulfed in blazing flames.
The meat beast completely misses you. The meat beast barely misses you.
You hear a shout! x5
The meat beast completely misses you. x2
The meat beast is engulfed in blazing flames.
The meat beast bites you!
You die...
The meat beast closely misses you.
You are now level 16!
You rejoin the land of the living...
A bag of meat, 2 meat berserkers and a dread come into view.
The meat berserker shouts!
You hear a shout!
The bag of meat shouts!
The meat berserker shouts!
You hear a shout! x6
The eight-headed meat hydra calls on the powers of darkness!
The eight-headed meat hydra convulses!
The meat berserker convulses! x2
Your body is wracked with pain!
The bag of meat convulses!
The meat berserker convulses!
The meat beast hisses, "Face thy requiem, thou froward sheep-biting pigeon-egg!"
You hear a shout! x3
A bag of meat comes into view. It is wielding a +9 war axe.
You hear a shout! x5
A destroyer comes into view. It is wielding a +9 vorpal great sword.
The meat beast barks, "Scamper home, thou mangled beef-witted varlet!"
You hear a shout!
The Servant comes into view.
He is wielding a +9 glaive of flaming.
You hear a shout! x2
The dread moves out of view.
You hear a shout!
The destroyer shouts!
You hear a shout!
The Servant shouts!
You hear a shout! x4
You hear a horrible gurgling sound!
You hear a shout! x2; You hear two shouts!
You hear a shout! x3
The meat berserker rages.
You hear a shout!
The meat berserker hits you with a +9 battleaxe!!!
Ouch! That really hurt!
You die...

.. #..o).O.# ...
...#....o.o# ....
V...o...)...o ....
.#.#.@..........oo
.....
#.#.......o......o
#...#.#.#..............
#.oo#.#.O...#........#
#..O.D...............#
#O@.....##.#.......
.##....22...........
#......####)..M#..§..#
####.......§§.........
####....§§.zoz.o...
####§.☼.o..o†z..
#############


You could see 2 meat beasts, The Servant, an eight-headed meat hydra, 3 meat
berserkers and 2 bags of meat.

Vanquished Creatures
  A royal mummy (D)
  A wraith (D)
  3 vampire knights (D)
  6 ogres (D)
  3 two-headed ogres (D)
  9 orcs (D)
  3 skeletal warriors (D)
26 creatures vanquished.

Notes
Turn   | Place    | Note
-------+----------+-------------------------------------------
     0 | D        | NinjaNoafa the Felid Berserker began the quest for the Orb.
     0 | D        | Reached XP level 1. HP: 10/10 MP: 2/2
     2 | D        | Noticed a meat berserker
     3 | D        | Noticed a meat berserker
     4 | D        | Noticed a bag of meat
     5 | D        | Killed a meat berserker
     5 | D        | Noticed a bag of meat
     5 | D        | Noticed a bag of meat
     6 | D        | Reached XP level 2. HP: 28/28 MP: 3/3
     6 | D        | Reached XP level 3. HP: 31/31 MP: 4/4
     6 | D        | Reached XP level 4. HP: 36/36 MP: 5/5
     6 | D        | Reached XP level 5. HP: 40/40 MP: 6/6
     6 | D        | Gained mutation: You are covered in thick fur. (AC +2)
                  | [Felid growth]
     6 | D        | Reached XP level 6. HP: 44/44 MP: 7/7
     6 | D        | Reached XP level 7. HP: 48/48 MP: 8/8
     6 | D        | Reached XP level 8. HP: 52/52 MP: 9/9
     6 | D        | Reached XP level 9. HP: 56/56 MP: 10/10
     6 | D        | Reached XP level 10. HP: 60/60 MP: 11/11
     6 | D        | Reached XP level 11. HP: 64/64 MP: 12/12
     6 | D        | Killed a meat berserker
     6 | D        | Reached ** piety under Trog
     7 | D        | Gained mutation: Your thick and shaggy fur keeps you warm.
                  | (AC +3, rC+) [Felid growth]
     7 | D        | Reached XP level 12. HP: 72/72 MP: 13/13
     7 | D        | Reached XP level 13. HP: 76/76 MP: 14/14
     7 | D        | Noticed a bag of meat
     7 | D        | Noticed a bag of meat
     7 | D        | Noticed a bag of meat
     7 | D        | Noticed a bag of meat
     8 | D        | Noticed a bag of meat
     9 | D        | Noticed a bag of meat
     9 | D        | Noticed a meat berserker
    10 | D        | Killed a bag of meat
    11 | D        | Noticed a bag of meat
    11 | D        | Noticed a bag of meat
    11 | D        | Noticed a bag of meat
    11 | D        | Noticed a large bag of meat
    11 | D        | Noticed a bag of meat
    11 | D        | Noticed a bag of meat
    12 | D        | Noticed a meat berserker
    12 | D        | Noticed a bag of meat
    12 | D        | Noticed a bag of meat
    12 | D        | Noticed a bag of meat
    12 | D        | Noticed a bag of meat
    12 | D        | Noticed a bag of meat
    13 | D        | Killed a meat berserker
    13 | D        | Noticed a bag of meat
    14 | D        | Reached skill level 27 in Dodging
    14 | D        | Reached XP level 14. HP: 85/85 MP: 15/15
    14 | D        | Noticed a meat berserker
    15 | D        | Killed a bag of meat
    15 | D        | Noticed a bag of meat
    16 | D        | Killed a bag of meat
    16 | D        | Reached *** piety under Trog
    16 | D        | Noticed a bag of meat
    16 | D        | Noticed a bag of meat
    16 | D        | Noticed a bag of meat
    16 | D        | Noticed a bag of meat
    17 | D        | Killed a bag of meat
    17 | D        | Noticed a bag of meat
    18 | D        | Noticed a bag of meat
    18 | D        | Noticed a bag of meat
    18 | D        | Noticed a bag of meat
    18 | D        | Noticed a bag of meat
    18 | D        | Noticed a bag of meat
    18 | D        | Noticed a bag of meat
    18 | D        | Noticed a bag of meat
    18 | D        | Noticed a meat berserker
    19 | D        | Noticed a meat berserker
    19 | D        | Killed a meat berserker
    19 | D        | Noticed a bag of meat
    19 | D        | Noticed a meat berserker
    19 | D        | Noticed a bag of meat
    19 | D        | Noticed a bag of meat
    19 | D        | Noticed a bag of meat
    20 | D        | Reached skill level 27 in Fighting
    20 | D        | Reached skill level 27 in Unarmed Combat
    20 | D        | Reached XP level 15. HP: 31/95 MP: 16/16
    20 | D        | Reached **** piety under Trog
    21 | D        | Noticed a large bag of meat
    21 | D        | Noticed a meat berserker
    21 | D        | Noticed a meat berserker
    22 | D        | Noticed a meat berserker
    22 | D        | Noticed a meat berserker
    22 | D        | Noticed a meat berserker
    22 | D        | Noticed a destroyer
    23 | D        | Noticed a meat berserker
    25 | D        | Noticed a destroyer
    26 | D        | Killed a destroyer
    27 | D        | Reached skill level 27 in Stealth
    27 | D        | Annihilated by a meat berserker
    27 | D        | Noticed a destroyer
    27 | D        | Noticed a destroyer
    28 | D        | Reached XP level 14. HP: -22/91 MP: 16/28
    28 | D        | Noticed a bag of meat
    28 | D        | Noticed a bag of meat
    28 | D        | Noticed a bag of meat
    28 | D        | Noticed a bag of meat
    28 | D        | Noticed a bag of meat
    28 | D        | Noticed a bag of meat
    28 | D        | Noticed a bag of meat
    29 | D        | Killed a bag of meat
    30 | D        | Reached XP level 15. HP: 95/95 MP: 28/33
    31 | D        | Noticed a meat berserker
    32 | D        | Killed a meat berserker
    33 | D        | Fell from the grace of Trog
    34 | D        | Killed a large bag of meat
    34 | D        | Mangled by a meat berserker
    35 | D        | Reached XP level 14. HP: -8/136 MP: 29/40
    35 | D        | Reached XP level 15. HP: 95/95 MP: 40/44
    35 | D        | Noticed a sculptor of flesh
    35 | D        | Noticed a large bag of meat
    36 | D        | Noticed a large bag of meat
    36 | D        | Noticed a meat berserker
    37 | D        | Noticed a destroyer
    41 | D        | Killed a meat berserker
    41 | D        | Noticed a destroyer
    42 | D        | Reached skill level 27 in Spellcasting
    42 | D        | Noticed a sculptor of flesh
    43 | D        | Noticed a sculptor of flesh
    45 | D        | Noticed an accursed
    49 | D        | Killed a sculptor of flesh
    50 | D        | Reached XP level 16. HP: 100/100 MP: 42/48
    50 | D        | Killed a large bag of meat
    55 | D        | Noticed an accursed
    58 | D        | Noticed an accursed
    58 | D        | Noticed a sculptor of flesh
    59 | D        | Noticed a destroyer
    60 | D        | Noticed a large bag of meat
    60 | D        | Noticed a sculptor of flesh
    62 | D        | HP: 5/100 [accursed/divine providence (10)]
    63 | D        | Killed from afar by an accursed
    64 | D        | Reached XP level 15. HP: -6/95 MP: 47/47
    65 | D        | Killed a sculptor of flesh
    67 | D        | Killed a large bag of meat
    69 | D        | Noticed a meat beast
    69 | D        | Noticed a dread
    70 | D        | Killed a destroyer
    70 | D        | Noticed a meat beast
    71 | D        | Reached XP level 16. HP: 32/100 MP: 48/48
    71 | D        | Killed a destroyer
    72 | D        | Reached skill level 27 in Evocations
    72 | D        | Killed a sculptor of flesh
    73 | D        | Killed an accursed
    74 | D        | Reached skill level 27 in Invocations
    74 | D        | Reached XP level 17. HP: 14/104 MP: 49/49
    74 | D        | Killed a dread
    75 | D        | Reached skill level 10 in Conjurations
    75 | D        | Reached skill level 10 in Ice Magic
    75 | D        | Reached skill level 10 in Poison Magic
    75 | D        | Noticed a meat berserker
    75 | D        | Noticed an eight-headed meat hydra
    75 | D        | Mangled by a meat beast
    76 | D        | Reached XP level 16. HP: -6/100 MP: 48/48
    76 | D        | Noticed a meat berserker
    76 | D        | Noticed a meat berserker
    76 | D        | Noticed a dread
    76 | D        | Noticed a destroyer
    76 | D        | Noticed The Servant
    77 | D        | Slain by a meat berserker

Illustrated notes

Levels and vault maps discovered:
D:        meatsprint

Skill      XL: |  1  2  3  4  5  6  7  8  9 10 11 12 13 14 15 16 17 |
---------------+----------------------------------------------------+-----
Fighting       | 17 20 23 27 | 27.0
Dodging        | 22 25 27 | 27.0
Unarmed Combat | 17 20 23 27 | 27.0
Stealth        | 14 27 | 27.0
Spellcasting   | 24 27 | 27.0
Invocations    | 23 27 | 27.0
Evocations     | 25 27 | 27.0
Conjurations   | 7 10 | 10.8
Hexes          | 16 22 | 22.1
Summonings     | 11 16 | 16.2
Ice Magic      | 7 10 | 10.8
Poison Magic   | 7 10 | 10.8

Action                   |  1- 3 |  4- 6 |  7- 9 | 10-12 | 13-15 | 16-18 || total
-------------------------+-------+-------+-------+-------+-------+-------++-------
Melee: Unarmed           |     1 |       |       |     1 |    19 |     5 ||    26
Invok: Trog's Hand       |       |       |       |       |     1 |       ||     1
  Use: Scroll            |       |       |       |       |     1 |       ||     1
       Potion            |       |       |       |       |     3 |     2 ||     5
Dodge: Dodged            |       |       |       |       |     4 |     6 ||    10

Table legend: (Time is in decaauts)
 A = Elapsed time spent in this place.
 B = Non-inter-level travel time spent in this place.
 C = Inter-level travel time spent in this place.
 D = Time resting spent in this place.
 E = Time spent auto-exploring this place.
 F = Levels seen in this place.
 G = Mean time per level.
                   A        B        C        D        E       F      G
               +--------+--------+--------+--------+--------+-----+--------+
         Total |     51 |     51 |      0 |      0 |      0 |   1 |   51.0 |
       Dungeon |     51 |     51 |      0 |      0 |      0 |   1 |   51.0 |
               +--------+--------+--------+--------+--------+-----+--------+

Top non-repeatable levels by time:
       D: 51 daAuts
